 Dungeon Crawl Stone Soup version 0.22-a0-456-g11ed031 (webtiles) character file.

504 KristoblXynda the Conjurer (level 6, -11/45 HPs)
             Began as a Draconian Conjurer on June 7, 2018.
             Mangled by Pikel
             ... wielding a +2 whip of electrocution
              (18 damage)
             ... on level 4 of the Dungeon.
             The game lasted 00:10:51 (3961 turns).

KristoblXynda the Conjurer (Draconian Conjurer)     Turns: 3961, Time: 00:10:52

Health: -11/45     AC: 10    Str: 11    XL:     6   Next: 96%
Magic:  0/13       EV: 12    Int: 17    God:
Gold:   56         SH:  0    Dex: 11    Spells: 7/15 levels left

rFire    . . .     SeeInvis .   i - +1 whip (flame)
rCold    . . .     Gourm    .   (no shield)
rNeg     . . .     Faith    .   (armour unavailable)
rPois    .         Spirit   .   (helmet restricted)
rElec    .         Reflect  .   h - +0 cloak
rCorr    +         Harm     .   (no gloves)
MR       .....                  (no boots)
Stlth    ++........             (no amulet)
HPRegen  0.15/turn              j - +3 ring of protection
MPRegen  0.13/turn              k - ring of resist corrosion

@: no status effects
A: unfitting armour, cold-blooded, AC +6
a: no special abilities


You were on level 4 of the Dungeon.
You were near starving.

You visited 1 branch of the dungeon, and saw 4 of its levels.

You collected 56 gold pieces.

Inventory:

Hand Weapons
 i - a +1 whip of flaming (weapon)
Armour
 h - a +0 cloak (worn)
Jewellery
 j - a +3 ring of protection (left hand)
 k - a ring of resist corrosion (right hand)
 l - an uncursed amulet of harm {unknown}
Scrolls
 a - 2 scrolls of identify
 e - 2 scrolls of remove curse
 g - a scroll of immolation {unknown}
Potions
 c - 2 potions of flight
 d - a potion of haste
Comestibles
 b - 4 rations


   Skills:
 - Level 1.7 Dodging
 - Level 1.7 Stealth
 + Level 5.1 Spellcasting
 + Level 6.5 Conjurations


You had 7 spell levels left.
You knew the following spells:

 Your Spells              Type           Power        Failure   Level  Hunger
a - Magic Dart            Conj           ####         1%          1    None
b - Dazzling Spray        Conj/Hex       ###...       11%         3    ###....
c - Iskenderun's Mystic   Conj           ####....     10%         4    ####...

Your spell library contained the following spells:

 Spells                   Type           Power        Failure   Level  Hunger
 Fulminant Prism          Conj/Hex       ###.......   36%         4    ####...
 Force Lance              Conj/Tloc      ###.....     36%         4    ####...
 Searing Ray              Conj           ####..       1%          2    #......


Dungeon Overview and Level Annotations

Branches:
Dungeon (4/15)
 Temple: D:4-7

Altars:

Annotations:
D:4 Paulus's ghost, amateur NaSk; Pikel


Innate Abilities, Weirdness & Mutations

Your plain brown scales are hard. (AC +6)
You cannot fit into any form of body armour.
You are cold-blooded and may be slowed by cold attacks.


Message History

Aim: Pikel, wielding a whip of electrocution and wearing a robe (heavily wounded)
The spray of energy misses Pikel.
The spray of energy misses the slave. x2
Pikel hits you but does no damage.
Casting: Dazzling Spray (safe; 11% risk of failure)
Confirm with . or Enter, or press ? or * to list all spells.
Okay, then.
Pikel says, "You'll fetch a fair price!"
Casting: Dazzling Spray (safe; 11% risk of failure)
Confirm with . or Enter, or press ? or * to list all spells.
Aiming: Dazzling Spray (safe; 11% risk of failure)
Press: ? - help, Shift-Dir - straight line, f/p - Pikel
Aim: Pikel, wielding a whip of electrocution and wearing a robe (heavily wounded)
The spray of energy hits Pikel.
Pikel is heavily wounded.
Pikel is dazzled.
You are near starving!
Pikel hits you with a whip of electrocution.
* * * LOW HITPOINT WARNING * * *
You are electrocuted!
You die...

#### ..# #.# #@# ### #
#K# #.#
###.#######p####.# .
............#....# .#
##....p###.#.##.#
.###########.# #.#.##.#
..##..W.pp.p.###<#.##.#
..##.######..#.....##.#
..##.# ####..#.....##.#


You could see Pikel (blind) and a slave.

Vanquished Creatures
  Sigmund (D:2)
  A phantom (D:3)
  2 scorpions (D:4)
  Crazy Yiuf (D:2)
  Terence (D:2)
  3 adders
  An ooze (D:3)
  A worm (D:3)
  2 dart slugs
  2 leopard geckos
  4 orcs (D:3)
  3 giant cockroaches
  5 goblins
  4 hobgoblins
  11 jackals
  A quokka (D:2)
  A ball python (D:1)
  10 bats
  4 frilled lizards
  A jackal skeleton (D:2)
  7 kobolds
  7 rats
  3 fungi (D:2)
76 creatures vanquished.

Notes
Turn   | Place    | Note
-------+----------+-------------------------------------------
     0 | D:1      | KristoblXynda the Draconian Conjurer began the quest for the Orb.
     0 | D:1      | Reached XP level 1. HP: 14/14 MP: 3/3
   453 | D:1      | Reached XP level 2. HP: 20/20 MP: 3/5
  1065 | D:1      | Reached XP level 3. HP: 26/26 MP: 4/7
  1522 | D:2      | Noticed Sigmund
  1668 | D:2      | Killed Sigmund
  1668 | D:2      | Reached skill level 5 in Conjurations
  1668 | D:2      | Reached XP level 4. HP: 33/33 MP: 1/10
  1668 | D:2      | Reached XP level 5. HP: 38/38 MP: 1/11
  1742 | D:2      | Found a runed door.
  1748 | D:2      | Learned a level 3 spell: Dazzling Spray
  1753 | D:2      | Learned a level 4 spell: Iskenderun's Mystic Blast
  1755 | D:2      | Noticed Crazy Yiuf
  1763 | D:2      | Killed Crazy Yiuf
  2035 | D:2      | Noticed Terence
  2045 | D:2      | Killed Terence
  2232 | D:3      | Reached XP level 6. HP: 45/45 MP: 7/12
  2453 | D:3      | Reached skill level 6 in Conjurations
  3560 | D:4      | Noticed a slave
  3560 | D:4      | Noticed a slave
  3691 | D:4      | Reached skill level 5 in Spellcasting
  3894 | D:4      | Noticed Pikel
  3897 | D:4      | Noticed Paulus's ghost (amateur NaSk)
  3904 | D:4      | Noticed a slave
  3918 | D:4      | Noticed a slave
  3961 | D:4      | Mangled by Pikel

Vault maps used:
D:1:      minmay_arrival_diagonal_passages
D:2:      uniq_terence, uniq_sigmund, uniq_crazy_yiuf_cottage
D:4:      uniq_pikel

Skill      XL: |  1  2  3  4  5  6 |
---------------+-------------------+-----
Spellcasting   | 4 5 |  5.1
Conjurations   | 5 6 |  6.5
Dodging        | |  1.7
Stealth        | |  1.7

Action                   |  1- 3 |  4- 6 || total
-------------------------+-------+-------++-------
Melee: Hand axe          |    50 |    35 ||    85
       Unarmed           |     5 |       ||     5
       Tailslap          |     7 |    10 ||    17
       Whip              |       |    22 ||    22
       Quarterstaff      |       |     4 ||     4
 Cast: Magic Dart        |    66 |    94 ||   160
       Dazzling Spray    |       |     8 ||     8
  Use: Potion            |     3 |     1 ||     4
       Scroll            |     1 |     3 ||     4
 Stab: Sleeping          |     1 |       ||     1
  Eat: Chunk             |     2 |     7 ||     9
Armor: Skin              |    19 |    21 ||    40
Dodge: Dodged            |    39 |    28 ||    67

Table legend:
 A = Spawn XP
 B = Non-spawn XP
 C = Spawn XP percentage of total XP
 D = Spawn monster count
 E = Non-spawn monster count
 F = Spawn count percentage of total count
 G = Total turns spent on level
                    A         B        C        D         E        F      G
               +---------+---------+-------+---------+---------+-------+---------
         Total |       0 |     720 |   0.0 |       0 |      73 |   0.0 |  3961
               +---------+---------+-------+---------+---------+-------+---------
           D:1 |       0 |      47 |   0.0 |       0 |      28 |   0.0 |  1348
           D:2 |       0 |     328 |   0.0 |       0 |      21 |   0.0 |   880
           D:3 |       0 |     197 |   0.0 |       0 |      21 |   0.0 |  1355
           D:4 |       0 |     148 |   0.0 |       0 |       3 |   0.0 |   378
               +---------+---------+-------+---------+---------+-------+---------
